 Dungeon Crawl Stone Soup version 0.21-a0-91-ga5031da (webtiles) character file.

223 Ijustatesigmund the Cudgeler (level 6, -4/44 HPs)
             Began as an Octopode Fighter on June 28, 2017.
             Slain by a sky beast (6 damage)
             ... on level 3 of the Dungeon.
             The game lasted 00:05:36 (2692 turns).

Ijustatesigmund the Cudgeler (Octopode Fighter)     Turns: 2692, Time: 00:05:36

Health: -4/44      AC:  1    Str: 15    XL:     6   Next: 0%
Magic:  6/6        EV: 12    Int: 11    God:
Gold:   203        SH:  8    Dex: 13    Spells: 5/5 levels left

rFire    . . .     SeeInvis .   a - +1 flail
rCold    . . .     Gourm    .   b - +0 shield
rNeg     . . .     Faith    .   (helmet restricted)
rPois    .         Spirit   .   (no amulet)
rElec    .         Reflect  .   (no ring)
rCorr    .         Harm     .   (no ring)
MR       .....                  (no ring)
Stlth    ++........             (no ring)
HPRegen  0.14/turn              (no ring)
MPRegen  0.10/turn              (no ring)
                                (no ring)
                                (no ring)

@: very slightly contaminated
A: almost no armour, stealthy swim, amphibious, 8 rings, constrict 8, camouflage
1, gelatinous body 1
a: no special abilities


You were on level 3 of the Dungeon.
You were not hungry.

You visited 1 branch of the dungeon, and saw 3 of its levels.
You also visited: Sewer.

You collected 203 gold pieces.

Inventory:

Hand Weapons
 a - a +1 flail (weapon)
Armour
 b - a +0 shield (worn)
Scrolls
 j - 2 scrolls of identify
 k - 2 scrolls of magic mapping
Potions
 e - 3 potions of flight
 h - 3 potions of curing
 i - a potion of invisibility
Comestibles
 d - 2 bread rations
 f - a royal jelly


   Skills:
 + Level 4.3 Fighting
 * Level 5.1 Maces & Flails
 - Level 3.0 Dodging
 - Level 3.0 Shields


You had 5 spell levels left.
You didn't know any spells.

Dungeon Overview and Level Annotations

Branches:
Dungeon (3/15)

Altars:


Innate Abilities, Weirdness & Mutations

You cannot wear most types of armour.
You are very stealthy in the water. (Stealth+)
You are amphibious.
You can wear up to eight rings at the same time.
You can use your tentacles to constrict eight enemies at once.
Your skin changes colour to match your surroundings (Stealth+).
Your rubbery body absorbs attacks. (AC +1, EV +1)


Message History

You hit the sky beast but do no damage. You squeeze the sky beast!
The sky beast is moderately wounded.
The sky beast barely misses you.
You barely miss the sky beast. You squeeze the sky beast!
The sky beast is heavily wounded.
The sky beast hits you. The sky beast shocks you.
The sky beast flickers out of sight!
Deactivating autopickup; reactivate with Ctrl-A.
Something hits you. Something shocks you.
You hit something but do no damage. Something hits you. Something shocks you.
You hit something but do no damage. Something hits you. Something shocks you.
* * * LOW HITPOINT WARNING * * *
You closely miss something. Your squeeze misses something. Something hits you.
* * * LOW HITPOINT WARNING * * *
Something shocks you.
* * * LOW HITPOINT WARNING * * *
You miss something. Something hits you.
* * * LOW HITPOINT WARNING * * *
Something shocks you.
You die...

####....##.....
#..........#
#..........##.#
#.............#
###.....#######
#......##
#.......#
#..##.{#.Y...
#.# #@.##....
#.......#....
#.###..## .o.
#.## ## #.# [..
#.. ###


There were no monsters in sight!

Vanquished Creatures
  Purgy (Sewer)
  4 adders
  A river rat (D:3)
  2 oozes
  3 worms (D:2)
  2 dart slugs (D:1)
  2 leopard geckos (D:1)
  An orc (D:3)
  7 ball pythons
  A giant cockroach (D:3)
  7 goblins
  5 hobgoblins
  4 jackals (D:1)
  7 kobolds
  2 quokkas
  7 bats
  6 frilled lizards
  9 rats
71 creatures vanquished.

Notes
Turn   | Place    | Note
-------+----------+-------------------------------------------
     0 | D:1      | Ijustatesigmund the Octopode Fighter began the quest for the Orb.
     0 | D:1      | Reached XP level 1. HP: 16/16 MP: 1/1
   195 | D:1      | Reached XP level 2. HP: 21/21 MP: 2/2
   603 | D:1      | Reached skill level 3 in Maces & Flails
   603 | D:1      | Reached XP level 3. HP: 26/26 MP: 3/3
  1265 | D:2      | Reached XP level 4. HP: 27/33 MP: 4/4
  1385 | D:2      | Found a faded altar of an unknown god.
  1774 | D:3      | Reached skill level 4 in Maces & Flails
  1827 | D:3      | Found a glowing drain.
  1847 | Sewer    | Entered a sewer
  2060 | Sewer    | Reached XP level 5. HP: 27/37 MP: 5/5
  2133 | Sewer    | Noticed Purgy
  2579 | Sewer    | Killed Purgy
  2579 | Sewer    | Reached skill level 5 in Maces & Flails
  2681 | D:3      | Noticed a sky beast
  2686 | D:3      | Reached XP level 6. HP: 43/44 MP: 6/6
  2692 | D:3      | HP: 2/44 [something (1)]
  2692 | D:3      | Slain by a sky beast

Vault maps used:
D:1:      nagdon_arrival_double_spiral, nrook_mini_backslash
D:2:      chequers_ecumenical_altar_simple_redux
D:3:      nicolae_overflow_crystal_walls, portal_sewer_entry_a
Sewer:    sewer_co_purgy_island

Skill      XL: |  1  2  3  4  5 |
---------------+----------------+-----
Maces & Flails | 3 4 5 |  5.1
Fighting       | 4 |  4.3
Dodging        | |  3.0
Shields        | |  3.0

Action                   |  1- 3 |  4- 6 || total
-------------------------+-------+-------++-------
Melee: Flail             |    63 |    67 ||   130
       Constrict         |    12 |    12 ||    24
       Tentacles         |    10 |    14 ||    24
  Use: Scroll            |     3 |     5 ||     8
       Potion            |       |     5 ||     5
 Stab: Sleeping          |    10 |     4 ||    14
  Eat: Chunk             |     1 |     3 ||     4
       Bread ration      |       |     1 ||     1
Armor: Skin              |     4 |     9 ||    13
Dodge: Dodged            |    20 |    25 ||    45
Block: Shield            |    18 |    26 ||    44
